Map: Invader LE

Players

capac - Winner!

  • Race: Terran Terran
  • League: Gold

Zeratul

  • Race: Zerg Zerg
  • League: Gold

VOD

Have the link to the VOD?

Description

Time

  • Played on: April 17, 2016, 11:28 a.m.
  • Length: 13:06
Show
View Real Time Build Order
Export as new Build Order

capac Terran - Winner!

Build Orders: Reaper Expand 

Get SALT Encoding   

  12  0:00  SCV  
  13  0:13  SCV  
  14  0:18  Supply Depot  
  14  0:25  SCV  
  15  0:40  SCV  
  15  0:41  Barracks  
  16  0:46  Refinery  
  16  0:52  SCV  
  18  1:04  SCV  
  18  1:16  SCV  
  19  1:29  Reaper  
  19  1:30  Orbital Command  
  20  1:43  Command Center  
  20  1:51  Supply Depot  
  20  1:59  SCV  
  21  2:04  Barracks Reactor  
  21  2:12  Barracks  
  21  2:26  Factory, SCV  
  22  2:41  Marine  
  22  2:42  Marine  
  22  2:43  SCV  
  25  2:46  Refinery  
  25  2:55  SCV  
  26  2:58  Bunker  
  26  3:02  Marine x2  
  26  3:03  Barracks Tech Lab  
  28  3:07  SCV  
  29  3:19  Marine  
  29  3:20  Marine  
  31  3:30  Starport, Factory Tech Lab  
  31  3:35  SCV  
  31  3:37  Marine x2, Orbital Command  
  31  3:40  Supply Depot  
  34  3:48  Marauder  
  36  3:50  SCV  
  36  3:55  Marine  
  37  4:01  Siege Tank  
  41  4:05  Marine  
  42  4:11  Supply Depot  
  42  4:15  Supply Depot  
  42  4:21  Medivac  
  42  4:24  SCV x2  
  46  4:25  Marine x2  
  46  4:28  Marauder  
  50  4:35  Refinery  
  50  4:36  SCV  
  51  4:39  SCV  
  51  4:42  Siege Tank  
  51  4:43  Marine  
  56  4:50  Marine x2  
  56  4:51  Starport Reactor  
  58  4:54  SCV x2  
  60  5:23  Marine x3  
  60  5:25  Siege Tank  
  60  5:26  SCV x2  
  68  5:29  Medivac  
  70  5:36  Refinery  
  70  5:38  SCV  
  70  5:45  SCV  
  69  5:51  Marine  
  70  6:05  Supply Depot  
  70  6:07  Supply Depot  
  70  6:11  Marine  
  70  6:15  Bunker  
  70  6:16  SCV x2  
  70  6:26  Marine x2, Medivac  
  70  6:27  Siege Tank  
  70  6:28  SCV  
  70  6:29  SCV  
  70  6:30  Supply Depot  
  70  6:31  Supply Depot  
  79  6:35  Barracks  
  79  6:40  Barracks  
  79  6:44  SCV x2  
  79  6:45  Barracks  
  79  6:46  Marine x3  
  84  6:56  SCV x2  
  86  7:04  Marine x3, Medivac  
  86  7:05  Medivac  
  86  7:08  SCV x2  
  94  7:09  Siege Tank  
  98  7:28  Engineering Bay  
  98  7:29  Engineering Bay  
  98  8:03  Terran Infantry Weapons Level 1  
  96  8:14  Stimpack  
  88  8:53  Barracks Tech Lab x2  
  88  8:55  Barracks Tech Lab  
  88  8:58  Siege Tank  
  88  8:59  Medivac x2  
  88  9:00  Marine x2  
  88  9:01  Marauder  
  99  9:07  Terran Infantry Armor Level 1  
  99  9:12  Armory  
  99  9:18  Marauder x2  
  99  9:19  Marauder  
  105  9:25  Supply Depot, Barracks  
  105  9:26  Marine x2  
  105  9:27  Barracks, Marine  
  108  9:37  Command Center  
  108  9:38  Medivac x2  
  108  9:39  Marine x2  
  108  9:40  Marauder  
  108  9:41  Combat Shields  
  108  9:42  Concussive Shells  
  108  9:45  Marauder  
  118  9:50  Marine x2  
  120  9:52  Liberator  
  120  9:56  Supply Depot  
  120  9:57  Marine x2  
  122  10:00  Supply Depot, Liberator  
  122  10:01  Terran Ship Weapons Level 1  
  122  10:02  Terran Infantry Weapons Level 2, Marauder  
  122  10:06  Marauder  
  126  10:08  Marine x2, Siege Tank  
  134  10:16  Barracks Reactor  
  134  10:17  Marauder x2  
  134  10:18  Barracks Reactor  
  141  10:28  Marine x2  
  142  10:29  Starport, Marauder  
  145  10:43  Marauder x2, Marine  
  145  10:46  Marine x2  
  152  10:50  Marine  
  138  11:01  Marine  
  135  11:33  Liberator  
  135  11:34  Liberator  
  141  12:11  Marine  
  141  12:12  Marine x6  
  141  12:13  Marauder x2, Marine  
  152  12:31  Marauder x2  
Show
View Real Time Build Order
Export as new Build Order

Zeratul Zerg 

Build Orders: Hatch First 

Get SALT Encoding   

  12  0:01  Drone  
  13  0:13  Overlord  
  13  0:18  Drone  
  14  0:31  Drone x2  
  16  0:36  Drone  
  17  0:55  Hatchery  
  16  0:58  Drone  
  16  1:01  Drone  
  18  1:04  Extractor  
  17  1:18  Spawning Pool  
  16  1:20  Drone  
  16  1:23  Drone  
  18  1:31  Drone  
  19  1:39  Overlord  
  19  1:50  Drone  
  20  1:54  Extractor  
  19  2:02  Drone  
  19  2:05  Queen  
  19  2:07  Queen  
  24  2:11  Metabolic Boost  
  24  2:15  Drone  
  25  2:18  Drone  
  25  2:21  Drone  
  27  2:28  Baneling Nest  
  26  2:30  Drone  
  26  2:34  Zergling x2  
  27  2:39  Zergling x2  
  27  2:43  Drone  
  29  2:55  Drone x2  
  29  2:56  Drone  
  32  3:02  Drone  
  32  3:03  Roach Warren  
  32  3:05  Drone  
  33  3:12  Overlord  
  33  3:19  Overlord  
  33  3:21  Drone x2  
  35  3:33  Evolution Chamber  
  34  3:36  Evolution Chamber  
  34  3:39  Drone x3  
  34  3:40  Drone  
  37  3:41  Drone  
  37  3:43  Drone  
  37  3:46  Drone  
  40  3:52  Overlord  
  40  3:58  Spore Crawler  
  40  4:00  Spore Crawler  
  40  4:01  Drone  
  39  4:06  Extractor  
  39  4:07  Drone x2  
  39  4:09  Drone  
  41  4:13  Drone x2  
  41  4:15  Drone  
  44  4:18  Drone  
  44  4:19  Drone  
  46  4:27  Roach x2  
  50  4:39  Baneling x4  
  50  4:42  Roach  
  50  4:44  Overlord  
  52  4:47  Overlord x2  
  52  5:04  Lair  
  52  5:16  Zergling x16  
  59  5:25  Roach x2  
  59  5:26  Hatchery  
  62  5:32  Roach x2  
  65  5:46  Roach x2  
  69  6:05  Queen  
  69  6:07  Roach  
  69  6:08  Roach  
  75  6:17  Overlord x3  
  75  6:24  Baneling  
  75  6:25  Baneling x9  
  75  6:26  Baneling x6  
  75  6:34  Zerg Missile Weapons Level 1, Zerg Ground Armor Level 1  
  75  6:44  Infestation Pit, Overseer  
  75  6:45  Overseer x2  
  74  6:48  Roach x4  
  74  6:49  Roach x5  
  74  6:50  Roach  
  74  6:51  Zergling x2  
  74  6:53  Drone  
  96  6:55  Drone  
  97  7:01  Drone x2  
  97  7:02  Drone  
  97  7:04  Extractor  
  99  7:11  Roach x3  
  101  7:19  Ravager x2  
  101  7:20  Ravager  
  104  7:34  Centrifical Hooks  
  104  7:35  Zergling x2  
  104  7:36  Zergling x2  
  106  7:43  Drone  
  106  7:48  Drone  
  106  7:50  Overlord x3  
  101  8:20  Roach  
  101  8:21  Roach x6  
  112  8:57  Drone x2  
  114  9:21  Drone x5  
  114  9:22  Drone x6  
  125  9:30  Ravager x2  
  125  9:31  Ravager x3  
  129  9:38  Overlord x4  
  129  9:39  Overlord  
  129  9:49  Zerg Missile Weapons Level 2, Zerg Ground Armor Level 2  
  129  9:55  Overlord  
  129  9:56  Overlord  
  129  10:06  Drone  
  130  10:09  Extractor  
  130  10:11  Extractor, Drone x4  
  132  10:15  Drone x2  
  132  10:19  Ravager  
  132  10:20  Ravager x6  
  141  10:22  Zergling x6  
  104  11:02  Roach x11  
  104  11:03  Zergling x2  
  104  11:04  Hatchery, Zergling x6  
  112  11:16  Zergling x6  
  90  11:56  Zergling x6  
  90  11:58  Zergling x8  
  97  12:04  Baneling  
  97  12:05  Baneling x10  
  97  12:08  Ravager x2  
  94  12:09  Ravager x9  
  94  12:13  Overlord x3  
  89  12:33  Baneling x6  
  89  12:34  Baneling x4  
  89  12:36  Zergling x2  
  87  12:37  Zergling x18  
Tags
 
Add a new tag
Caveats
  • Supply blocks, unpowered buildings, or Contaminate may cause inaccurate times.
  • Supply counts are checked every 10 seconds.